 Dungeon Crawl Stone Soup version 0.29-a0-1023-g6ae1a4a2c7 (webtiles) character file.

Game seed: 11810560923218820159

3 Araneus the Ruffian (level 1, 0/19 HPs)
             Began as a Ghoul Monk on Aug 11, 2022.
             Slain by a gnoll
             ... wielding a +0 spear
              (1 damage)
             ... on level 1 of the Dungeon.
             The game lasted 00:00:16 (69 turns).

Araneus the Ruffian (Ghoul Monk)                      Turns: 69, Time: 00:00:17

Health: 0/19       AC:  2    Str: 14    XL:     1   Next: 50%
Magic:  0/0        EV: 12    Int:  5    God:
Gold:   15         SH:  0    Dex: 11    Spells: 0/0 levels left

rFire   . . .      SeeInvis .     - Unarmed
rCold   + . .      Faith    .   (no shield)
rNeg    + + +      Spirit   .   a - +0 robe
rPois   ∞          Reflect  .   (no helmet)
rElec   .          Harm     .   (no cloak)
rCorr   .          Rampage  .   (no gloves)
Will    .....                   (no boots)
Stlth   ++........              (no amulet)
HPRegen 0.00/turn               (no ring)
MPRegen 0.07/turn               (no ring)

@: inhibited regen
A: claws 1, cold resistance 1, negative energy resistance 3, inhibited
regeneration, torment resistance 2, devour on kill
a: no special abilities


You were on level 1 of the Dungeon.
You visited 1 branch of the dungeon, and saw 1 of its levels.

You collected 15 gold pieces.

Inventory:

Armour
 a - a +0 robe (worn)
Potions
 b - a potion of ambrosia


   Skills:
 + Level 3.3 Fighting
 + Level 2.7 Dodging
 - Level 2.1 Stealth
 * Level 3.4 Unarmed Combat


You couldn't memorise any spells.
You didn't know any spells.
Your spell library was empty.

Dungeon Overview and Level Annotations

Branches:
Dungeon (1/15)

Altars:


Innate Abilities, Weirdness & Mutations

You are immune to poison.
You have sharp fingernails.
Your flesh is cold resistant. (rC+)
You are immune to negative energy. (rN+++)
You do not regenerate when monsters are visible.
You are immune to unholy pain and torment.
You thrive by killing the living.


Message History

The gnoll shouts!
You hear an angry hiss.
You hear a shout!
You hear an angry hiss.
The ball python barely misses you. x2
You claw the ball python!
You kill the ball python!
A ball python comes into view.
Found Great Wizards, Vol.
VII.
The gnoll hits you with a +0 spear! The quokka misses you.
You scratch the gnoll.
The gnoll is moderately wounded.
The gnoll hits you with a +0 spear.
The quokka bites you but does no damage.
The rat bites you.
You are too injured to fight recklessly!
You are too injured to fight recklessly!
You are too injured to fight recklessly!
You are too injured to fight recklessly!
The gnoll barely misses you. The quokka attacks as you move away!
The quokka bites you but does no damage.
The quokka bites you.
* * * LOW HITPOINT WARNING * * *
You closely miss the quokka.
A goblin comes into view. It is wielding a +0 club.
The quokka bites you.
* * * LOW HITPOINT WARNING * * *
You claw the quokka!
You kill the quokka!
You closely miss the rat.
The gnoll hits you from afar with a +0 spear.
* * * LOW HITPOINT WARNING * * *
The rat completely misses you.
You scratch the rat.
You kill the rat!
The gnoll closely misses you. The gnoll closely misses you.
You closely miss the gnoll. Your claw misses the gnoll.
The gnoll is moderately wounded.
The gnoll hits you with a +0 spear.
You die...

#.......#
##.......###
##..........####
..........#....#
.............# #
#..........#...#
.......Sg...#
##:###g###..#
###@### ...
#.....# .
###.###.# #...#
.# #.#####.#
#.#...#.#
###.#.###.#
#...#...###
###.#####.###


You could see a gnoll, a goblin and a ball python.

Vanquished Creatures
  A quokka (D:1)
  A ball python (D:1)
  2 rats (D:1)
4 creatures vanquished.

Notes
Turn   | Place    | Note
-------+----------+-------------------------------------------
     0 | D:1      | Araneus the Ghoul Monk began the quest for the Orb.
     0 | D:1      | Reached XP level 1. HP: 19/19 MP: 0/0
    69 | D:1      | Slain by a gnoll

Illustrated notes

Levels and vault maps discovered:
D:1:      elethiomel_arrival_maze, layout_rooms,
          hellmonk_ecumenical_altar_crossroads, minmay_distorted

Action                   || total
-------------------------++-------
Melee: Unarmed           ||    10
Armor: Robe              ||     2
Dodge: Dodged            ||    11

Table legend: (Time is in decaauts)
 A = Elapsed time spent in this place.
 B = Non-inter-level travel time spent in this place.
 C = Inter-level travel time spent in this place.
 D = Time resting spent in this place.
 E = Time spent auto-exploring this place.
 F = Levels seen in this place.
 G = Mean time per level.
                   A        B        C        D        E       F      G
               +--------+--------+--------+--------+--------+-----+--------+
         Total |     68 |     68 |      0 |      0 |     51 |   1 |   68.0 |
       Dungeon |     68 |     68 |      0 |      0 |     51 |   1 |   68.0 |
               +--------+--------+--------+--------+--------+-----+--------+

Top non-repeatable levels by time:
     D:1: 68 daAuts
